AoeStats
← Mike Ehrmantraut

Black Forest

508079913Analyzed
4v4 RM · 11d ago on Sep 20, 2026· 53m 48s· 8 players
Game mode
Random Map
Map size
Large (8 player)
Population
200
Speed
Normal
Resources
Standard
Victory
Conquest
Starting age
Dark Age
Ending age
Imperial Age
RankedLock teamsTeams togetherTeam positionsShared explorationLock speedFull tech treeHidden civsTurbo modeCheats
Victory
Defeat
🇺🇸 Ethiopians · United States
967
+15
🇺🇸 Lithuanians · United States
955
+46
🇴🇲 Persians · Oman
942
+17
🇺🇸 Maya · United States
939
+37
🇺🇸 Persians · United States
973
-17
🇮🇳 Turks · India
970
-17
🇫🇷 Britons · France
970
-17
906
-40
Monsu
2:10 Loom
12:12 Feudal Age
13:51 Double-Bit Axe
19:04 Castle Age
17:18 Stone Mining
17:23 Gold Mining
18:48 Wheelbarrow
21:17 Bow Saw
22:06 Fletching
25:21 Stone Shaft Mining
27:28 Padded Archer Armor
29:27 Hand Cart
29:27 Bodkin Arrow
35:44 Ballistics
35:05 Treadmill Crane
38:19 Imperial Age
36:35 Horse Collar
38:20 Elite Plumed Archer
39:21 Conscription
41:16 Chemistry
41:04 Capped Ram
44:41 Bracer
44:57 Leather Archer Armor
44:21 Siege Ram
50:59 Ring Archer Armor
StlVDub12
1:03 Loom
13:25 Feudal Age
13:52 Double-Bit Axe
13:55 Horse Collar
15:41 Wheelbarrow
14:55 Fishing Lines
17:34 Town Watch
17:42 Gold Mining
17:45 Stone Mining
23:19 Man-at-Arms
23:44 Arson
29:52 Castle Age
28:42 Bloodlines
28:33 Fletching
28:54 Forging
28:44 Scale Mail Armor
28:50 Scale Barding Armor
28:46 Padded Archer Armor
31:03 Hand Cart
31:04 Bow Saw
30:52 Bodkin Arrow
31:00 Heavy Plow
31:13 Husbandry
30:34 Light Cavalry
32:50 Town Patrol
37:23 Squires
36:47 Long Swordsman
36:48 Pikeman
36:51 Crossbowman
37:48 Guard Tower
39:40 Ballistics
39:17 Murder Holes
39:33 Fortified Wall
39:04 Treadmill Crane
40:53 Thumb Ring
40:09 Elite Skirmisher
41:39 Gillnets
42:36 Iron Casting
45:40 Chain Mail Armor
45:46 Chain Barding Armor
45:41 Leather Archer Armor
45:44 Masonry
46:54 Caravan
47:42 Stone Shaft Mining
Mike Ehrmantraut
5:11 Loom
13:23 Feudal Age
14:26 Double-Bit Axe
14:25 Horse Collar
14:28 Fishing Lines
17:22 Forging
17:18 Scale Barding Armor
17:04 Fletching
23:18 Castle Age
22:43 Gold Mining
22:46 Stone Mining
24:21 Chain Barding Armor
24:36 Iron Casting
24:57 Gold Shaft Mining
24:38 Heavy Plow
24:56 Bow Saw
25:26 Wheelbarrow
25:28 Bloodlines
25:19 Husbandry
24:47 Light Cavalry
30:06 Gillnets
31:04 Town Watch
31:35 Hand Cart
33:09 Devotion
35:43 Imperial Age
36:42 Crop Rotation
37:21 Two-Man Saw
37:02 Stone Shaft Mining
36:42 Elite War Elephant
37:44 Conscription
38:01 Hoardings
38:33 Blast Furnace
39:52 Plate Barding Armor
39:15 Bodkin Arrow
42:44 Chemistry
42:05 Ballistics
41:41 Murder Holes
41:57 Masonry
54:36 Citadels
Wangdangdoodle
11:00 Feudal Age
14:39 Castle Age
12:40 Double-Bit Axe
13:23 Horse Collar
24:39 Wheelbarrow
29:00 Imperial Age
27:13 Hand Cart
26:52 Fletching
27:24 Loom
28:05 Ballistics
27:46 Bodkin Arrow
27:52 Padded Archer Armor
28:17 Heavy Plow
28:27 Gold Mining
28:55 Bow Saw
29:31 Leather Archer Armor
28:38 Crossbowman
29:24 Thumb Ring
29:17 Arbalester
31:00 Chemistry
30:39 Bracer
31:52 Ring Archer Armor
31:34 Siege Engineers
32:37 Gold Shaft Mining
33:33 Halberdier
36:28 Elite Skirmisher
37:36 Masonry
38:20 Onager
39:59 Town Watch
41:51 Illumination
50:25 Architecture
budreaux
1:29 Loom
13:49 Feudal Age
14:04 Horse Collar
14:44 Double-Bit Axe
23:24 Castle Age
23:23 Wheelbarrow
25:56 Bow Saw
27:28 Fishing Lines
33:52 Imperial Age
31:21 Gillnets
33:25 Caravan
35:28 Hand Cart
36:30 Chemistry
35:51 Ballistics
35:43 Masonry
35:30 Murder Holes
35:42 Scale Barding Armor
36:42 Bloodlines
36:33 Husbandry
36:45 Forging
36:56 Chain Barding Armor
36:38 Cavalier
38:40 Iron Casting
38:05 Gold Mining
39:45 Two-Man Saw
39:40 Savar
42:53 Plate Barding Armor
42:10 Fletching
43:04 Gold Shaft Mining
42:22 Stone Mining
43:06 Heavy Plow
45:04 Blast Furnace
darkLord
11:59 Feudal Age
17:20 Castle Age
15:57 Double-Bit Axe
16:39 Loom
16:44 Horse Collar
26:10 Wheelbarrow
31:28 Ballistics
33:44 Imperial Age
31:32 Fortified Wall
35:51 Fletching
36:02 Padded Archer Armor
37:23 Murder Holes
39:53 Forging
39:49 Scale Barding Armor
40:27 Hand Cart
41:39 Bow Saw
42:35 Bloodlines
42:27 Husbandry
42:50 Chain Barding Armor
43:14 Iron Casting
49:55 Heavy Plow
Donald Trump
1:32 Loom
12:17 Feudal Age
16:22 Castle Age
16:33 Horse Collar
16:44 Double-Bit Axe
19:36 Heavy Plow
22:47 Fishing Lines
25:14 Fletching
27:52 Wheelbarrow
27:17 Bodkin Arrow
31:26 Imperial Age
31:17 Padded Archer Armor
32:15 Bracer
31:39 Elite Longbowman
31:58 Onager
33:53 Yeomen
37:14 Pikeman
38:25 Bow Saw
41:35 Forging
41:25 Scale Mail Armor
40:47 Halberdier
41:35 Elite Skirmisher
44:18 Leather Archer Armor
46:54 Caravan
50:10 Warwolf
jorge.enrique.suarez.perez
12:32 Feudal Age
15:29 Horse Collar
18:48 Wheelbarrow
22:22 Castle Age
24:20 Man-at-Arms
Connection lost

Rejoining the realm…

Still unreachable

The connection could not be restored.

Session expired

The server has moved on; the page needs a fresh start.